 Dungeon Crawl Stone Soup version 0.18.1-50-g88ac8fd (webtiles) character file.

104960 theElss the Bludgeoner (level 16, -17/159 HPs)
             Began as a Gargoyle Berserker on Oct 3, 2016.
             Was the Champion of Trog.
             Demolished by a titanic slime creature (53 damage)
             ... on level 15 of the Dungeon.
             The game lasted 01:51:30 (27048 turns).

theElss the Bludgeoner (Gargoyle Berserker)        Turns: 27048, Time: 01:51:32

Health: -17/159    AC: 28    Str: 31    XL:     16   Next: 40%
Magic:  2/2        EV: 16    Int:  9    God:    Trog [******]
Gold:   2624       SH: 22    Dex: 16    Spells: 0 memorised, 15 levels left

rFire  + . .     SeeInvis .     M - +3 demon whip (antimagic)
rCold  . . .     Gourm    +     F - +1 scale mail {rF+}
rNeg   + + .     Faith    .     S - +0 large shield of Wuriunuh {Dex+2}
rPois  ∞         Spirit   .     P - +0 helmet
rElec  +         Dismiss  .     a - +0 cloak of Shadows and Fog {Regen+ MP-9 Slay+3}
rCorr  .         Reflect  .     D - +1 pair of gloves {archery}
SustAt .         Harm     .     v - +0 pair of boots
MR     ++...                    L - amulet of the gourmand
Stlth  ..........               m - ring of Vagisacekk {rPois MR+ Dex+4}
                                T - ring of positive energy

@: berserking, flying, very quick, very resistant to hostile enchantments,
extremely unstealthy
A: big wings, negative energy resistance 1, screaming 1, electricity resistance,
unbreathing, petrification resistance, rot immunity, AC +11
a: Stop Flying, Berserk, Trog's Hand, Brothers in Arms, Burn Spellbooks,
Renounce Religion


You were on level 15 of the Dungeon.
You worshipped Trog.
Trog was exalted by your worship.
You were completely stuffed.

You visited 3 branches of the dungeon, and saw 25 of its levels.
You also visited: Labyrinth and Ossuary.

You collected 3599 gold pieces.
You spent 975 gold pieces at shops.

Inventory:

Hand Weapons
 M - a +3 antimagic demon whip (weapon)
Armour
 a - the +0 cloak of Shadows and Fog (worn) {Regen+ MP-9 Slay+3}
   (You found it on level 1 of the Lair of Beasts)

   It affects your accuracy and damage with ranged weapons and melee attacks
   (+3).
   It affects your magic capacity (-9).
   It increases your rate of regeneration.
 v - a +0 pair of boots (worn)
 D - a +1 pair of gloves of archery (worn)
 F - a +1 scale mail of fire resistance (worn)
 N - a +0 plate armour of poison resistance
 P - a +0 helmet (worn)
 S - the +0 large shield of Wuriunuh (worn) {Dex+2}
   (You found it on level 13 of the Dungeon)

   It affects your dexterity (+2).
Rods
 t - a +1 iron rod (11/11)
   (You found it in a labyrinth)
Jewellery
 m - the ring of Vagisacekk (right hand) {rPois MR+ Dex+4}
   (You took it off a red devil on level 8 of the Lair of Beasts)

   [ring of protection from magic]

   It affects your dexterity (+4).
   It protects you from poison.
   It affects your resistance to hostile enchantments.
 q - an uncursed amulet of regeneration
 y - an uncursed amulet of harm
 z - an uncursed ring of stealth
 L - an amulet of the gourmand (around neck)
 T - a ring of positive energy (left hand)
Wands
 g - a wand of enslavement (19/24)
 k - a wand of iceblast (8/15)
 p - a wand of slowing (28/48)
 s - a wand of digging (4/24)
 U - a wand of flame (10/48)
Scrolls
 c - a scroll of random uselessness {unknown}
 d - a scroll of enchant armour
 e - 6 scrolls of blinking
 n - 3 scrolls of magic mapping
 x - a scroll of recharging
 B - a scroll of brand weapon {unknown}
 H - 6 scrolls of fear
 J - a scroll of vulnerability {unknown}
 R - 11 scrolls of remove curse
 W - 2 scrolls of torment {unknown}
 X - 5 scrolls of teleportation
 Z - 5 scrolls of fog
Potions
 i - 14 potions of curing
 j - a potion of cure mutation
 o - 9 potions of agility
 r - 9 potions of haste
 u - 5 potions of invisibility
 w - 6 potions of heal wounds
 C - a potion of ambrosia {unknown}
 G - 3 potions of degeneration {unknown}
 I - 2 potions of might {unknown}
 K - a potion of cancellation {unknown}
 O - 2 potions of magic {unknown}
 V - a potion of mutation {unknown}
Comestibles
 b - a bread ration
 f - a beef jerky
 h - 6 meat rations
 l - 6 chunks of flesh
 A - 22 fruits
 E - a slice of pizza


   Skills:
 + Level 14.3 Fighting
 + Level 15.4 Maces & Flails
 + Level 10.8 Armour
 + Level 11.1 Dodging
 + Level 14.0 Shields


You had 15 spell levels left.
You didn't know any spells.

Dungeon Overview and Level Annotations

Branches:
Dungeon (15/15)            Temple (0/1) D:4            Lair (8/8) D:8
 Shoals (0/4) Lair:5        Snake (0/4) Lair:6        Slime (0/6) Lair:6
    Orc (2/2) D:9             Elf (0/3) Orc:2        Vaults (0/5) D:13
 Depths: D:15

Altars:
Ashenzari
Cheibriados
Dithmenos
Fedhas
Gozag
Kikubaaqudgha
Makhleb
Nemelex Xobeh
Okawaru
Pakellas
Qazlal
Ru
Vehumet
Xom
Beogh
Jiyva

Shops:
D:9 %[}=:   D:11 =   Orc:2 =[*(:

Portals:
Hell: Lair:8
Trove: D:14 (give 18 scrolls of teleportation)

Annotations:
Lair:2 exclusion: oklob plant


Innate Abilities, Weirdness & Mutations

You are resistant to torment.
Your stone body is resilient (AC +11).
You are immune to poison.
Your large and strong wings let you fly indefinitely.
You resist negative energy.
You are resistant to electric shocks.
You can survive without breathing.
You are immune to petrification.
You are immune to rotting.
You occasionally shout uncontrollably at your foes.


Message History

You barely miss the titanic slime creature.
The titanic slime creature is severely wounded.
The titanic slime creature hits you!!!!
Ouch! That really hurt!
* * * LOW HITPOINT WARNING * * *
You whack the titanic slime creature!
The titanic slime creature is severely wounded.
You thrash the titanic slime creature!!
The titanic slime creature is almost dead.
You block the titanic slime creature's attack.
Some of the chunks of flesh in your inventory have rotted away.
You thrash the titanic slime creature!!
The titanic slime creature is almost dead.
You block the titanic slime creature's attack.
You whack the titanic slime creature!
The titanic slime creature is almost dead.
A red film seems to cover your vision as you go berserk!
You feel yourself moving faster!
You feel mighty!
You feel somewhat less full. The titanic slime creature hits you!!!
You die...

#### #... ##################
#######.## .................# ###
#)..(.(...
####.####.######.###.###.#####.#.
# #.####.######....#....#####.#.
####...............###...........
#.....###.####....## ##.###......
#.##...##.# #.#@..###.## #.##.##
#.#.#.#.#.####.#J.#.#.## #.##.#
...##.##..##....N.##.## #.##.#
..........##......##.# #.##.#
...##.##.###......##.######.##.##
#.#.#.#.## #......##.##.....##...
#.##.))## #......##.##.#########
#.###)## ##.##..##.##.# #.# #(#
#.##..##.##.#


You could see a salamander and a titanic slime creature.

Vanquished Creatures
  Rupert (Lair:4)
  Kirke (Lair:5)
  An orc warlord (Orc:2)
  A dire elephant (Lair:8)
  The ghost of Chiseanne the Fighter, a journeyman CeAE of Gozag (Orc:1)
  Snorg (D:13)
  A minotaur (Lab)
  3 vault guards
  The ghost of thewizardguy the Blocker, a journeyman MiFi of Xom (Orc:1)
  A naga warrior (Lair:6)
  11 hydras
  2 centaur warriors (D:15)
  An ogre mage (D:15)
  4 tengu warriors
  9 death yaks
  Urug (Lair:1)
  4 orc high priests (Orc:2)
  A sun demon (Lair:8)
  2 unseen horrors
  A wizard (Lair:8)
  7 hill giants
  Pikel (D:9)
  6 orc knights
  A wolf spider (D:15)
  3 griffons
  6 orc sorcerers
  A sixfirhy (Lair:8)
  11 ugly things
  3 cyclopes
  6 elephants (Lair:2)
  An oklob plant (Lair:7)
  A manticore (D:14)
  A siren (Lair:5)
  5 black mambas
  The ghost of striepan the Arsonist, a novice DEFE of Vehumet (D:7)
  3 orange demons (Lair:8)
  12 spiny frogs
  2 gargoyles (D:13)
  2 rime drakes
  4 kobold demonologists
  A tengu conjurer (D:15)
  9 komodo dragons
  4 red devils (Lair:8)
  A hellwing (Lair:8)
  3 ice devils (Lair:8)
  4 trolls
  2 guardian mummies (D:14)
  Grinder (D:3)
  A polar bear (Lair:3)
  A hornet zombie (D:15)
  3 two-headed ogres
  A boulder beetle (Lair:8)
  15 blink frogs
  A vampire (D:12)
  2 shadows
  3 wyverns
  2 spriggans (Lair:3)
  A wraith (D:13)
  A hog (Lair:5)
  32 yaks
  A basilisk (D:12)
  Grum (D:11)
  2 hungry ghosts
  13 hippogriffs
  2 mottled dragons
  4 wargs
  3 nagas (Lair:6)
  18 water moccasins
  12 porcupines
  43 orc warriors
  2 eyes of draining
  4 sky beasts
  A black bear (Lair:3)
  A wasp (D:11)
  3 ice beasts
  A necrophage (D:7)
  3 slaves (D:8)
  13 ogres
  22 wolves
  10 centaurs
  20 crocodiles
  33 giant frogs
  2 big kobolds
  A gnoll sergeant (D:4)
  A wyvern skeleton (D:9)
  A scorpion (D:4)
  19 killer bees
  A troll skeleton (D:14)
  5 wights (D:8)
  10 howler monkeys
  An electric eel (Lair:5)
  A giant frog zombie (D:11)
  4 spriggan skeletons (D:14)
  7 crimson imps
  6 centaur zombies
  27 orc priests
  A giant frog skeleton (D:10)
  4 hounds
  7 centaur skeletons
  2 jellies
  Jessica (D:3)
  12 iguanas
  Ijyb (D:3)
  38 orc wizards
  7 worker ants
  A statue (D:9)
  19 sheep
  2 hound skeletons
  A hound zombie (D:9)
  14 mummies (Ossuary)
  2 worker ant zombies
  3 gnolls (D:4)
  2 howler monkey skeletons (D:5)
  13 adders
  86 river rats
  3 shadow imps
  2 adder skeletons
  3 worms
  2 dart slugs
  4 giant geckos
  123 orcs
  7 bats
  8 giant cockroaches
  11 hobgoblins
  12 jackals
  12 kobolds
  4 quokkas
  A ball python (D:5)
  5 giant newts
  5 goblins
  4 goblin skeletons (Ossuary)
  2 kobold skeletons (Ossuary)
  2 orc skeletons (Ossuary)
  2 quokka skeletons
  4 rats
  11 rat skeletons (Ossuary)
  A fungus (Lair:7)
955 creatures vanquished.

Vanquished Creatures (collateral kills)
  A two-headed ogre (D:10)
  A troll (D:10)
  A hungry ghost (D:9)
  An orc wizard (D:10)
  3 orcs
7 creatures vanquished.

Vanquished Creatures (others)
  5 fungi
  5 plants
10 creatures vanquished.

Grand Total: 972 creatures vanquished

Notes
Turn   | Place    | Note
--------------------------------------------------------------
     0 | D:1      | theElss the Gargoyle Berserker began the quest for the Orb.
     0 | D:1      | Reached XP level 1. HP: 14/14 MP: 1/1
   171 | D:1      | Reached XP level 2. HP: 19/19 MP: 2/2
   211 | D:1      | Found a shattered altar of Ashenzari.
   676 | D:1      | Reached XP level 3. HP: 23/23 MP: 3/3
   905 | D:2      | Reached ** piety under Trog
  1177 | D:2      | Found a blossoming altar of Fedhas.
  1177 | D:2      | Found an oddly glowing altar of Pakellas.
  1191 | D:2      | Found a shimmering altar of Xom.
  1198 | D:2      | Found a shimmering altar of Xom.
  1199 | D:2      | Found a shimmering altar of Xom.
  1390 | D:2      | Reached XP level 4. HP: 21/29 MP: 4/4
  1974 | D:3      | Noticed Ijyb
  1999 | D:3      | Killed Ijyb
  2039 | D:3      | Found an iron altar of Okawaru.
  2052 | D:3      | Reached XP level 5. HP: 30/33 MP: 5/5
  2096 | D:3      | Reached skill level 1 in Shields
  2205 | D:3      | Reached skill level 4 in Maces & Flails
  2284 | D:3      | Noticed Jessica
  2300 | D:3      | Killed Jessica
  2318 | D:3      | Found an ancient bone altar of Kikubaaqudgha.
  2375 | D:3      | Reached *** piety under Trog
  2443 | D:3      | Noticed Grinder
  2458 | D:3      | Paralysed by Grinder for 4 turns
  2469 | D:3      | Paralysed by Grinder for 5 turns
  2477 | D:3      | Paralysed by Grinder for 7 turns
  2492 | D:3      | Killed Grinder
  2492 | D:3      | Reached XP level 6. HP: 25/39 MP: 6/6
  2699 | D:4      | Found a sand-covered staircase.
  2706 | Ossuary  | Entered an ossuary
  2821 | Ossuary  | Reached XP level 7. HP: 43/44 MP: 7/7
  3544 | D:4      | Found a staircase to the Ecumenical Temple.
  3710 | D:4      | Found an opulent altar of Gozag.
  3738 | D:4      | Reached skill level 5 in Fighting
  3818 | D:5      | Entered Level 5 of the Dungeon
  3892 | D:4      | Reached skill level 5 in Maces & Flails
  3959 | D:4      | Reached XP level 8. HP: 42/49 MP: 8/8
  4648 | D:5      | Reached **** piety under Trog
  4731 | D:5      | Reached skill level 5 in Armour
  4961 | D:6      | Reached skill level 5 in Shields
  5229 | D:6      | Reached XP level 9. HP: 53/55 MP: 9/9
  5290 | D:6      | Found a snail-covered altar of Cheibriados.
  5349 | D:6      | Found a shattered altar of Ashenzari.
  5349 | D:6      | Found a sparkling altar of Nemelex Xobeh.
  5453 | D:7      | Reached skill level 6 in Maces & Flails
  5511 | D:7      | Noticed striepan's ghost (novice DEFE)
  5522 | D:7      | Killed striepan's ghost
  5634 | D:7      | Found a sacrificial altar of Ru.
  5788 | D:7      | You fall through a shaft for 3 floors!
  5788 | D:10     | Entered Level 10 of the Dungeon
  5851 | D:9      | Found Axasol's Gadget Shoppe.
  5861 | D:9      | Found Agho's Food Shoppe.
  5958 | D:9      | Found Osyss's Armour Boutique.
  5964 | D:9      | Bought a +2 cloak of invisibility for 344 gold pieces
  6033 | D:9      | Found a sacrificial altar of Ru.
  6063 | D:9      | Found a radiant altar of Vehumet.
  6097 | D:9      | Noticed Pikel
  6158 | D:9      | Reached skill level 5 in Dodging
  6325 | D:8      | Reached skill level 7 in Maces & Flails
  6456 | D:8      | Reached XP level 10. HP: 63/63 MP: 10/10
  6775 | D:7      | Found a stormy altar of Qazlal.
  6861 | D:7      | Found a shadowy altar of Dithmenos.
  7463 | D:8      | Found a staircase to the Lair.
  7752 | D:9      | Found Puugge Xazi's Book Shoppe.
  7853 | D:9      | Reached ***** piety under Trog
  8093 | D:9      | Found Japlesm's Jewellery Shop.
  8138 | D:9      | Killed Pikel
  8138 | D:9      | Reached skill level 8 in Maces & Flails
  8213 | D:9      | Found a staircase to the Orcish Mines.
  8634 | D:10     | Reached XP level 11. HP: 39/69 MP: 11/11
  9108 | D:10     | Found an ancient bone altar of Kikubaaqudgha.
  9334 | Lair:1   | Entered Level 1 of the Lair of Beasts
  9350 | Lair:1   | Got a heavily runed cloak
  9362 | Lair:1   | Identified the cursed +0 cloak of Shadows and Fog {Regen+ MP-9 Slay+3} (You found it on level 1 of the Lair of Beasts)
  9406 | Lair:1   | Received a gift from Trog
  9446 | Lair:1   | Found a labyrinth entrance.
  9506 | Lair:1   | Reached skill level 9 in Maces & Flails
  9579 | Lab      | Entered a labyrinth
 10225 | Lab      | Noticed a minotaur
 10235 | Lab      | Killed a minotaur
 10773 | Lair:1   | Noticed Urug
 10786 | Lair:1   | Killed Urug
 11128 | Lair:2   | Reached XP level 12. HP: 56/77 MP: 1/12
 11287 | Lair:2   | Reached skill level 10 in Fighting
 11574 | Lair:2   | Reached skill level 10 in Maces & Flails
 11686 | Lair:2   | Reached skill level 10 in Shields
 11783 | Lair:2   | Received a gift from Trog
 12063 | Lair:2   | Found a blossoming altar of Fedhas.
 13182 | D:9      | Bought an uncursed amulet of the gourmand for 450 gold pieces
 13904 | Lair:4   | Received a gift from Trog
 14147 | Lair:4   | Noticed Rupert
 14168 | Lair:4   | Reached XP level 13. HP: 83/83 MP: 1/13
 14195 | Lair:4   | Killed Rupert
 14195 | Lair:4   | Reached skill level 11 in Maces & Flails
 14944 | Lair:5   | Found a staircase to the Shoals.
 14952 | Lair:5   | Noticed Kirke
 14970 | Lair:5   | Killed Kirke
 15589 | Lair:6   | Found a staircase to the Snake Pit.
 15634 | Lair:6   | Reached skill level 10 in Armour
 15751 | Lair:6   | Received a gift from Trog
 15766 | Lair:6   | Found a viscous altar of Jiyva.
 15766 | Lair:6   | Found a staircase to the Slime Pits.
 16283 | Lair:7   | Reached skill level 12 in Maces & Flails
 16783 | Lair:7   | Gained mutation: Your large and strong wings let you fly indefinitely. [Gargoyle growth]
 16783 | Lair:7   | Reached XP level 14. HP: 74/91 MP: 1/14
 17616 | Lair:8   | Entered Level 8 of the Lair of Beasts
 17827 | Lair:8   | Reached ****** piety under Trog
 17827 | Lair:8   | Received a gift from Trog
 18024 | Lair:8   | Noticed a dire elephant
 18047 | Lair:8   | Killed a dire elephant
 18139 | Lair:8   | Got a steaming glaive
 18185 | Lair:8   | Reached skill level 13 in Maces & Flails
 18951 | Lair:8   | Found a burning altar of Makhleb.
 18988 | Lair:8   | Received a gift from Trog
 19145 | Lair:8   | Got a glittering lead ring
 19148 | Lair:8   | Identified the ring of Vagisacekk {rPois MR+ Dex+4} (You took it off a red devil on level 8 of the Lair of Beasts)
 19241 | Lair:8   | Found a gateway to Hell.
 19325 | Lair:8   | Reached skill level 10 in Dodging
 19487 | Orc:1    | Entered Level 1 of the Orcish Mines
 19487 | Orc:1    | Noticed Chiseanne's ghost (journeyman CeAE)
 19522 | Orc:1    | Killed Chiseanne's ghost
 19522 | Orc:1    | Paralysed by an orc sorcerer for 2 turns
 19700 | Orc:1    | Reached XP level 15. HP: 96/98 MP: 2/15
 19775 | Orc:1    | Noticed thewizardguy's ghost (journeyman MiFi)
 19797 | Orc:1    | Killed thewizardguy's ghost
 20039 | Orc:1    | Found a roughly hewn altar of Beogh.
 20163 | Orc:2    | Entered Level 2 of the Orcish Mines
 20271 | Orc:2    | Found Jeppoiz's Jewellery Shoppe.
 20593 | Orc:2    | Received a gift from Trog
 20629 | Orc:2    | Noticed an orc warlord
 20648 | Orc:1    | Reached skill level 14 in Maces & Flails
 20817 | Orc:2    | Gained mutation: You occasionally shout uncontrollably at your foes. [a neqoxec]
 20872 | Orc:2    | Killed an orc warlord
 20888 | Orc:2    | Received a gift from Trog
 21006 | Orc:2    | Found a staircase to the Elven Halls.
 21736 | Orc:2    | Found Ocokuuro's Antique Armour Shop.
 21737 | Orc:2    | Found Fyggamep's Antique Weapon Shop.
 21738 | Orc:2    | Found Lotrehom's General Store.
 21738 | Orc:2    | Found Vitoe's Book Boutique.
 21742 | Orc:2    | Bought a scroll of teleportation for 42 gold pieces
 21752 | Orc:2    | Bought a pair of glowing gloves for 139 gold pieces
 22195 | D:11     | Noticed Grum
 22207 | D:11     | Killed Grum
 22228 | D:11     | Received a gift from Trog
 22251 | D:11     | Found Qunoycez's Jewellery Shoppe.
 23988 | D:13     | Noticed Snorg
 24006 | D:13     | Killed Snorg
 24113 | D:13     | Got a distressingly furry large shield
 24124 | D:13     | Identified the cursed +0 large shield of Wuriunuh {Dex+2} (You found it on level 13 of the Dungeon)
 24415 | D:13     | Received a gift from Trog
 24777 | D:13     | Found a gate to the Vaults.
 25070 | D:14     | Reached XP level 16. HP: 80/106 MP: 2/16
 25079 | D:14     | Reached skill level 15 in Maces & Flails
 25576 | D:14     | Found a portal to a secret trove of treasure.
 26289 | D:15     | Entered Level 15 of the Dungeon
 26798 | D:15     | Received a gift from Trog
 27048 | D:15     | Demolished by a titanic slime creature

Skill      XL: |  1  2  3  4  5  6  7  8  9 10 11 12 13 14 15 16 |
---------------+-------------------------------------------------+-----
Fighting       | 4 5 6 7 8 9 10 11 13 14 | 14.3
Dodging        | 2 3 4 5 7 8 9 10 11 | 11.1
Shields        | 2 3 5 6 8 9 10 11 12 13 14 | 14.0
Maces & Flails | 4 5 7 8 9 10 12 13 14 15 | 15.4
Armour         | 3 4 5 6 7 8 9 10 | 10.8

Action                   |  1- 3 |  4- 6 |  7- 9 | 10-12 | 13-15 | 16-18 || total
-------------------------+-------+-------+-------+-------+-------+-------++-------
Melee: Mace              |   108 |   198 |   382 |   980 |       |       ||  1668
       Flail             |       |       |   310 |    80 |       |       ||   390
       Morningstar       |       |       |       |   424 |       |       ||   424
       Demon whip        |       |       |       |    30 |  2049 |   406 ||  2485
       Eveningstar       |       |       |       |       |    28 |       ||    28
Invok: Berserk           |       |     2 |     4 |     5 |     6 |     1 ||    18
       Trog's Hand       |       |     1 |       |     1 |       |       ||     2
       Brothers in Arms  |       |       |     1 |     1 |       |       ||     2
 Abil: Fly               |       |       |       |       |     1 |       ||     1
Evoke: Wand              |       |       |       |       |     1 |       ||     1
  Use: Scroll            |       |       |     8 |     6 |    10 |     3 ||    27
  Eat: Chunk             |     2 |     7 |    13 |    44 |    43 |     7 ||   116
       Beef jerky        |       |       |     2 |     2 |       |       ||     4
Armor: Animal skin       |    26 |    14 |       |       |       |       ||    40
       Ring mail         |       |   101 |   128 |       |       |       ||   229
       Chain mail        |       |       |   246 |   442 |       |       ||   688
       Scale mail        |       |       |       |   527 |   637 |    65 ||  1229
Dodge: Dodged            |    78 |   103 |   296 |   950 |   835 |    84 ||  2346
Block: Buckler           |       |    32 |   197 |   708 |   655 |       ||  1592
       Large shield      |       |       |       |       |   165 |   244 ||   409
